 Dungeon Crawl Stone Soup version 0.25.0-26-g0c896c7088 (webtiles) character file.

Game seed: 6266099631639557863

329 xccam the Insei (level 6, -1/57 HPs)
             Began as an Octopode Transmuter on July 1, 2020.
             Slain by a goblin (3 damage)
             ... on level 3 of the Dungeon.
             The game lasted 00:03:31 (3119 turns).

xccam the Insei (Octopode Transmuter)               Turns: 3119, Time: 00:03:31

Health: -1/57      AC:  1    Str: 11    XL:     6   Next: 51%
Magic:  0/10       EV: 13    Int: 21    God:
Gold:   80         SH:  0    Dex: 13    Spells: 8/11 levels left

rFire    . . .     SeeInvis .     - Unarmed
rCold    . . .     Gourm    .   (no shield)
rNeg     . . .     Faith    .   (helmet restricted)
rPois    .         Spirit   +   d - amulet of guardian spirit
rElec    .         Reflect  .   h - +6 ring of intelligence
rCorr    .         Harm     .   (no ring)
MR       .....                  (no ring)
Stlth    ..........             (no ring)
HPRegen  0.19/turn              (no ring)
MPRegen  0.12/turn              (no ring)
                                (no ring)
                                (no ring)

@: brilliant, berserking, appendage, flying, very quick
A: almost no armour, stealthy swim, amphibious, 8 rings, constrict 8, tentacle
spike 3, camouflage 1, gelatinous body 1
a: End Transformation


You were on level 3 of the Dungeon.
You were not hungry.
One of your tentacles had a temporary spike.
You visited 1 branch of the dungeon, and saw 3 of its levels.

You collected 80 gold pieces.

Inventory:

Missiles
 a - 39 arrows
Jewellery
 d - an amulet of guardian spirit (around mantle)
 h - a +6 ring of intelligence (left tentacle)
Wands
 p - a wand of flame (23)
Scrolls
 i - 2 scrolls of random uselessness {unknown}
 j - a scroll of blinking {unknown}
 k - a scroll of teleportation {unknown}
 o - a scroll of remove curse {unknown}
Potions
 b - a potion of flight
 f - a potion of magic {unknown}
 g - a potion of brilliance
 l - a potion of curing {unknown}
 m - a potion of haste {unknown}
 n - 2 potions of lignification {unknown}
Comestibles
 c - 4 rations
 q - 3 chunks of flesh


   Skills:
 - Level 1.0 Fighting
 - Level 2.0 Dodging
 - Level 6.0 Unarmed Combat
 - Level 3.0 Spellcasting
 + Level 3.4 Transmutations


You had 8 spell levels left.
You knew the following spells:

 Your Spells              Type           Power        Failure   Level  Hunger
a - Beastly Appendage     Tmut           ####..       3%          1    None
b - Sticks to Snakes      Tmut           ####....     4%          2    None

Your spell library contained the following spells:

 Spells                   Type           Power        Failure   Level  Hunger
 Spider Form              Tmut/Pois      ###.......   21%         3    None
 Ice Form                 Ice/Tmut       ###.....     54%         4    None
 Blade Hands              Tmut           ####......   65%         5    None


Dungeon Overview and Level Annotations

Branches:
Dungeon (3/15)

Altars:
Cheibriados
Trog
Vehumet


Innate Abilities, Weirdness & Mutations

You cannot wear most types of armour.
You are very stealthy in the water. (Stealth+)
You are amphibious.
You can wear up to eight rings at the same time.
You can use your tentacles to constrict eight enemies at once.
Your skin changes colour to match your surroundings (Stealth+).
Your rubbery body absorbs attacks. (AC +1, EV +1)
One of your tentacles bears a large vicious spike.


Message History

You kill Grinder!
Training target 6.0 for Unarmed Combat reached!
Your Unarmed Combat skill increases to level 6!
You need to enable at least one skill for training.
Training target 3.0 for Spellcasting reached!
Your Spellcasting skill increases to level 3!
Your Transmutations skill increases to level 3!
You have reached level 6!
Your experience leads to an increase in your attributes!
Your base attributes are Str 10, Int 15, Dex 13.
Increase (S)trength, (I)ntelligence, or (D)exterity?
You feel stronger. The bat completely misses you. The goblin barely misses you.
The adder bites you.
* * * LOW HITPOINT WARNING * * *
You are too berserk!
You closely miss the adder. You grab the adder. You squeeze the adder!
The adder is almost dead.
You constrict the adder. The goblin hits you.
You die...

#........#
########.####.#
#........#
#..........##.#
#........#
#.............#
#........#
#..........##.#
##########
#..).......# #
##[.........#
#........####
#........#
#.@......#
#....gbS.....#
#)...........#
#.......######
#........
#.........
#....)....
#..........


You could see an adder, a goblin and a bat.

Vanquished Creatures
  Grinder (D:3)
  A howler monkey (D:2)
  Robin (D:3)
  An adder (D:3)
  An ooze (D:2)
  3 worms (D:2)
  A leopard gecko (D:2)
  5 orcs
  A ball python (D:3)
  9 bats
  2 giant cockroaches
  11 goblins
  12 hobgoblins
  9 kobolds
  A frilled lizard (D:1)
  11 rats
70 creatures vanquished.

Notes
Turn   | Place    | Note
-------+----------+-------------------------------------------
     0 | D:1      | xccam the Octopode Transmuter began the quest for the Orb.
     0 | D:1      | Reached XP level 1. HP: 13/13 MP: 3/3
   203 | D:1      | Reached XP level 2. HP: 18/18 MP: 5/5
   618 | D:1      | Reached skill level 4 in Unarmed Combat
  1081 | D:2      | Reached XP level 3. HP: 22/23 MP: 6/6
  1225 | D:2      | Learned a level 2 spell: Sticks to Snakes
  1366 | D:2      | Reached XP level 4. HP: 21/28 MP: 5/7
  1559 | D:2      | Reached skill level 5 in Unarmed Combat
  1878 | D:2      | Found a snail-covered altar of Cheibriados.
  2154 | D:2      | Found a radiant altar of Vehumet.
  2168 | D:2      | Found a bloodstained altar of Trog.
  2687 | D:3      | Noticed Robin
  2709 | D:3      | Killed Robin
  2709 | D:3      | Reached XP level 5. HP: 21/33 MP: 3/8
  3108 | D:3      | Noticed Grinder
  3118 | D:3      | Killed Grinder
  3118 | D:3      | Reached skill level 6 in Unarmed Combat
  3118 | D:3      | Reached XP level 6. HP: 7/38 MP: 0/10
  3118 | D:3      | HP: 2/57 [adder (5)]
  3119 | D:3      | Slain by a goblin

Illustrated notes

Levels and vault maps discovered:
D:1:      scummos_arrival_simple_fountains, layout_basic
D:2:      layout_basic, cheibriados_altar_1, amethyst_overflow_temple_binary
D:3:      minmay_door_path, layout_basic, nicolae_overflow_hidden_temple,
          uniq_robin, uniq_grinder

Skill      XL: |  1  2  3  4  5 |
---------------+----------------+-----
Unarmed Combat | 4 5 6 |  6.0
Spellcasting   | 3 |  3.0
Transmutations | 3 |  3.4
Fighting       | |  1.0
Dodging        | |  2.0

Action                   |  1- 3 |  4- 6 || total
-------------------------+-------+-------++-------
Melee: Unarmed           |    70 |    94 ||   164
       Constrict         |    20 |    25 ||    45
       Tentacles         |     8 |    20 ||    28
       Kick              |       |     8 ||     8
       Punch             |       |     2 ||     2
 Cast: Beastly Appendage |       |     7 ||     7
       Sticks to Snakes  |       |     1 ||     1
Evoke: Wand              |       |     1 ||     1
  Use: Potion            |       |     3 ||     3
 Stab: Sleeping          |     6 |     3 ||     9
  Eat: Chunk             |     1 |     6 ||     7
Armor: Skin              |     8 |     8 ||    16
Dodge: Dodged            |    49 |    50 ||    99
